 Dungeon Crawl Stone Soup version 0.30-a0-122-g2a1322497e (webtiles) character file.

Game seed: 3216038956697887190

26856 Newt the Destroyer (level 13, -3/88 HPs)
             Began as a Demonspawn Gladiator on Sept 16, 2022.
             Was the Champion of Cheibriados.
             Slain by a spriggan rider
             ... wielding the +9 trident of Eresuetu {chaos, rN+ Dex+2}
              (14 damage)
             ... on level 12 of the Dungeon.
             The game lasted 00:24:50 (17033 turns).

Newt the Destroyer (Demonspawn Gladiator)          Turns: 17033, Time: 00:24:51

Health: -3/88      AC: 10    Str: 32    XL:     13   Next: 1%
Magic:  0/29       EV: 18    Int: 27    God:    Cheibriados [******]
Gold:   574        SH:  0    Dex: 30    Spells: 11/22 levels left

rFire   + . .      SeeInvis .    G - +0 lajatang (freeze)
rCold   . . .      Faith    .    (shield currently unavailable)
rNeg    . . .      Spirit   +    P - +1 troll leather armour
rPois   .          Reflect  .    (helmet unavailable)
rElec   .          Harm     .    u - +1 cloak
rCorr   .          Rampage  .    (no gloves)
Will    .....                    (no boots)
Stlth   +++.......               f - amulet of guardian spirit
HPRegen 1.04/turn                g - ring of protection from fire
MPRegen 0.21/turn                Q - ring of magical power

@: studying Unarmed Combat, very slow
A: horns 3, slimy green scales 2, ignite blood 1, demonic magic 2
a: Renounce Religion, Bend Time, Temporal Distortion, Slouch, Step From Time


You were on level 12 of the Dungeon.
You worshipped Cheibriados.
Cheibriados was exalted by your worship.
You visited 1 branch of the dungeon, and saw 12 of its levels.

You collected 714 gold pieces.
You spent 140 gold pieces at shops.

Inventory:

Hand Weapons
 G - a +0 lajatang of freezing (weapon)
Armour
 l - a +2 robe of resistance
 u - a +1 cloak (worn)
 P - a +1 troll leather armour (worn)
 X - +0 fire dragon scales
Jewellery
 f - an amulet of guardian spirit (around neck)
 g - a ring of protection from fire (left hand)
 r - a ring of flight
 H - a ring of poison resistance
 K - a ring of protection from fire
 M - a +4 ring of protection
 N - a ring of wizardry
 Q - a ring of magical power (right hand)
 Z - a ring of positive energy
Wands
 j - a wand of digging (4)
 s - a wand of charming (11)
 w - a wand of mindburst (7)
 E - a wand of polymorph (14)
 I - a wand of roots (3)
Scrolls
 o - 2 scrolls of amnesia
 p - a scroll of blinking
 A - 3 scrolls of magic mapping
 B - 4 scrolls of identify
 C - 6 scrolls of fog
 D - 6 scrolls of teleportation
 J - 3 scrolls of fear
Potions
 h - 9 potions of curing
 k - 3 potions of ambrosia
 q - a potion of invisibility
 v - 3 potions of lignification
 x - 3 potions of might
 O - a potion of heal wounds
 S - 2 potions of haste
 W - a potion of berserk rage
 Y - a potion of brilliance
Miscellaneous
 R - a box of beasts
 U - a phantom mirror
 V - a box of beasts


   Skills:
 - Level 4.0 Fighting
 - Level 2.6 Short Blades
 - Level 6.0 Staves
 - Level 1.7 Throwing
 - Level 6.0 Dodging
 - Level 2.0 Stealth
 - Level 5.0 Spellcasting
 + Level 11.9 Conjurations
 - Level 5.0 Summonings
 + Level 11.1 Earth Magic
 - Level 10.0 Invocations


You had 11 spell levels left.
You knew the following spells:

 Your Spells              Type           Power      Damage    Failure   Level
a - Stone Arrow           Conj/Erth      100%       3d13      1%          3
b - Animate Armour        Summ/Erth      100%       N/A       3%          4
c - Petrify               Tmut/Erth      36%        N/A       9%          4

Your spell library contained the following spells:

 Spells                   Type           Power      Damage    Failure   Level
 Foxfire                  Conj/Fire      100%       2x1d9     1%          1
 Flame Wave               Conj/Fire      38%        2d10      7%          4
 Freeze                   Ice            24%        1d5       8%          1
 Sublimation of Blood     Necr           6%         N/A       12%         2
 Wereblood                Tmut           6%         N/A       12%         2
 Confusing Touch          Hex            6%         N/A       24%         3
 Frozen Ramparts          Ice            12%        1d2       24%         3
 Inner Flame              Hex/Fire       6%         N/A       24%         3
 Kindle Blastsparks       Fire/Tloc/Air  12%        2d11      24%         3
 Summon Ice Beast         Ice/Summ       20%        N/A       28%         4
 Ice Form                 Ice/Tmut       6%         N/A       61%         4
 Yara's Violent Unravell  Hex/Tmut       3%         3d4       91%         5
 Lehudib's Crystal Spear  Conj/Erth      31%        10d8      99%         8
 Enfeeble                 Hex            3%         N/A       100%        7
 Ozocubu's Refrigeration  Ice            3%         4d8       100%        7
 Summon Hydra             Summ           16%        N/A       100%        7


Dungeon Overview and Level Annotations

Branches:
Dungeon (12/15)            Temple (0/1) D:6            Lair (0/5) D:11
    Orc (0/2) D:11

Altars:
Cheibriados
Gozag
Kikubaaqudgha
Makhleb
Okawaru
Qazlal
Trog
Vehumet
Wu Jian

Shops:
D:4 (   D:9 !(   D:11 [[(!*

Annotations:
D:6 exclusion: oklob sapling
D:12 Newt's ghost, journeyman DsGl


Innate Abilities, Weirdness & Mutations

You have a pair of large horns on your head.
You are mostly covered in slimy green scales. (AC +3)
Your demonic aura sometimes causes spilled blood to erupt in flames.
Spells you cast may paralyse nearby enemies.


Message History

Aiming: Stone Arrow (safe; 1% risk of failure)
Press: ? - help, Shift-Dir - straight line, f/p - spriggan rider
Aim: a spriggan rider, wielding the +9 trident of Eresuetu {chaos, rN+ Dex+2} (moderately wounded, wandering, hasn't noticed you, 55% to hit)
The stone arrow hits the spriggan rider!!
The spriggan rider is severely wounded.
Malevolent energies surge around you.
The spriggan rider hits you with the +9 trident of Eresuetu {chaos, rN+ Dex+2}!!
* * * LOW HITPOINT WARNING * * *
The spriggan rider freezes you.
* * * LOW HITPOINT WARNING * * *
Something hits you.
* * * LOW HITPOINT WARNING * * *
Unknown command.
You feel much better.
The spriggan rider hits you with the +9 trident of Eresuetu {chaos, rN+ Dex+2}!
You fade into invisibility!
Something hits you but does no damage.
Unknown command.
It was a potion of flight.
Your roots keep you in place.
The spriggan rider hits you with the +9 trident of Eresuetu {chaos, rN+ Dex+2}!
* * * LOW HITPOINT WARNING * * *
You hear some strange, mumbled words.
Unknown command.
Your magical effects are unravelling.
You feel magically purged.
You feel less wooden.
Your +1 cloak unmelds from your body.
Your +1 troll leather armour unmelds from your body.
You flicker back into view.
Something hits you.
* * * LOW HITPOINT WARNING * * *
The spriggan rider hits you with the +9 trident of Eresuetu {chaos, rN+ Dex+2}!!
* * * LOW HITPOINT WARNING * * *
The spriggan rider freezes you.
* * * LOW HITPOINT WARNING * * *
Blink to where?
Press: ? - help, Q - select action, (/) - cycle Dir - move target, p - spriggan rider
As you read the scroll of blinking, it crumbles to dust.
The spriggan rider hits you from afar with the +9 trident of Eresuetu {chaos, rN+ Dex+2}!
You die...

♣$.!♣.)...# ####..........#
♣....†#.{.# #..........#####
####♣..♣.♣#8W.# #.##.##.#.......
...#♣♣...♣##..# #.##.##.........
.### ♣♣♣♣..#..####.##....##......
.#######♣♣♣#.......##.......#..##
.##....# #..i.##.##.##.#.......
.##.##.#####.##.##..........##.##
.##.##.......##.@...##########...
.......#####.#####..# #.##
###.#### #.#####..# ##.##
###.#### #....>...# #...#
.....^.# #####.#### #..<#
.##.##.####### #.### #...#
.#...#.#.....###.#.## #####...#
.#.#.#.#.....#....#.#####........
.#...#.#.........###[............


You could see a spriggan rider and Newt's ghost.

Vanquished Creatures
  Josephine (D:12)
  A fire dragon (D:12)
  A centaur warrior (D:10)
  A catoblepas (D:12)
  Erica (D:10)
  3 two-headed ogres
  2 boulder beetles (D:12)
  2 deep elf pyromancers (D:12)
  An ugly thing (D:12)
  7 cyclopes
  Maggie (D:9)
  An unseen horror (D:12)
  6 kobold demonologists
  A komodo dragon (D:12)
  2 trolls
  A hornet (D:9)
  3 slime creatures (D:12)
  A vampire (D:11)
  A wyvern (D:8)
  10 wraiths
  A spriggan (D:12)
  2 shadows
  31 yaks
  3 basilisks (D:12)
  2 vampire mosquitoes (D:12)
  A warg (D:11)
  5 acid dragons
  A water moccasin (D:9)
  4 orc warriors
  3 ice beasts
  3 sky beasts
  2 black bears
  2 centaurs
  7 kobold brigands
  6 earth elementals (D:12)
  3 bullfrogs (D:8)
  2 necrophages
  4 killer bees (D:10)
  3 howler monkeys
  4 hounds
  A jelly (D:6)
  2 gnoll boudas
  16 orc priests
  Crazy Yiuf (D:5)
  Jessica (D:2)
  5 iguanas
  Natasha (twice) (D:2)
  10 orc wizards
  8 adders
  10 gnolls
  A shadow imp (D:7)
  A white imp (D:6)
  An ufetubus (D:6)
  2 worms (D:2)
  2 dart slugs
  30 orcs
  8 endoplasms
  A giant cockroach (D:1)
  2 goblins
  5 hobgoblins
  9 jackals
  A quokka (D:5)
  2 ball pythons (D:1)
  6 bats
  2 frilled lizards (D:1)
  20 kobolds
  7 rats
292 creatures vanquished.

Vanquished Creatures (collateral kills)
  2 ugly things (D:12)
  A slime creature (D:12)
  A yak (D:10)
  A vampire mosquito (D:12)
  A warg (D:11)
  An orc warrior (D:11)
  2 gnolls (D:10)
  An orc (D:10)
  2 kobolds
12 creatures vanquished.

Vanquished Creatures (others)
  5 fungi (D:12)
  25 plants
30 creatures vanquished.

Grand Total: 334 creatures vanquished

Notes
Turn   | Place    | Note
-------+----------+-------------------------------------------
     0 | D:1      | Newt the Demonspawn Gladiator began the quest for the Orb.
     0 | D:1      | Reached XP level 1. HP: 16/16 MP: 1/1
    50 | D:1      | Reached skill level 1 in Stealth
   173 | D:1      | Gained mutation: You are partially covered in slimy green
                  | scales. (AC +2) [demonic ancestry]
   173 | D:1      | Reached XP level 2. HP: 22/22 MP: 2/2
   273 | D:1      | Found a faded altar of an unknown god.
   304 | D:1      | Prayed at the altar of an unknown god.
   304 | D:1      | Became a worshipper of Cheibriados the Contemplative
   304 | D:1      | Reached * piety under Cheibriados
   717 | D:1      | Gained mutation: Spells you cast may paralyse adjacent
                  | enemies. [demonic ancestry]
   717 | D:1      | Reached XP level 3. HP: 28/28 MP: 3/3
   824 | D:2      | Noticed Natasha
   838 | D:2      | Killed Natasha
  1137 | D:2      | Noticed Jessica
  1144 | D:2      | Killed Jessica
  1145 | D:2      | Gained mutation: Your demonic aura sometimes causes spilled
                  | blood to erupt in flames. [demonic ancestry]
  1145 | D:2      | Reached XP level 4. HP: 31/37 MP: 4/4
  1153 | D:2      | Reached ** piety under Cheibriados
  1590 | D:2      | Reached skill level 1 in Conjurations
  2065 | D:2      | Noticed Natasha
  2068 | D:2      | Killed Natasha
  2069 | D:2      | Gained mutation: You are mostly covered in slimy green
                  | scales. (AC +3) [demonic ancestry]
  2069 | D:2      | Reached XP level 5. HP: 34/42 MP: 5/5
  2149 | D:2      | Learned a level 3 spell: Stone Arrow
  2218 | D:3      | Found an ornate altar of the Wu Jian Council.
  2236 | D:3      | You fall into a shaft and drop 1 floor!
  2530 | D:4      | Found Jamonim's Weapon Shop.
  2610 | D:4      | Reached *** piety under Cheibriados
  2783 | D:4      | Noticed a black bear
  2790 | D:4      | Killed a black bear
  2791 | D:4      | Reached XP level 6. HP: 21/48 MP: 0/6
  3304 | D:5      | Entered Level 5 of the Dungeon
  3601 | D:5      | Noticed an ice beast
  3615 | D:5      | Killed an ice beast
  3616 | D:5      | Reached skill level 5 in Conjurations
  3616 | D:5      | Reached skill level 1 in Earth Magic
  3721 | D:5      | Found a runed translucent door.
  3722 | D:5      | Noticed Crazy Yiuf
  3797 | D:5      | Gained mutation: You have a pair of small horns on your
                  | head. [demonic ancestry]
  3797 | D:5      | Reached XP level 7. HP: 38/54 MP: 0/7
  4511 | D:5      | Killed Crazy Yiuf
  4512 | D:5      | Reached skill level 5 in Earth Magic
  4644 | D:6      | Reached **** piety under Cheibriados
  4645 | D:6      | Reached skill level 1 in Spellcasting
  4742 | D:6      | Reached XP level 8. HP: 52/60 MP: 7/11
  5063 | D:6      | Learned a level 4 spell: Animate Armour
  5430 | D:6      | Identified the +4 flail "Jaciop" {freeze, Int-2 Dex+6 SInv
                  | Stlth+}
  5545 | D:6      | Found a staircase to the Ecumenical Temple.
  5876 | D:6      | Reached skill level 5 in Spellcasting
  6259 | D:7      | Reached skill level 1 in Summonings
  7062 | D:7      | Noticed a cyclops
  7074 | D:7      | Killed a cyclops
  7075 | D:7      | Reached skill level 5 in Summonings
  7075 | D:7      | Reached skill level 1 in Staves
  7075 | D:7      | Gained mutation: You have a pair of horns on your head.
                  | [demonic ancestry]
  7075 | D:7      | Reached XP level 9. HP: 25/65 MP: 3/16
  7087 | D:7      | HP: 1/65 [sky beast (5)]
  7693 | D:7      | Got the Quarto of Numb Stones
  8427 | D:8      | Reached skill level 5 in Staves
  8753 | D:8      | Found an ancient bone altar of Kikubaaqudgha.
  8789 | D:8      | Reached ***** piety under Cheibriados
  8792 | D:8      | Reached skill level 5 in Dodging
  8799 | D:8      | HP: 3/65 [bullfrog (3)]
  8800 | D:8      | Gained mutation: You have a pair of large horns on your
                  | head. [demonic ancestry]
  8800 | D:8      | Reached XP level 10. HP: 4/71 MP: 1/17
  9433 | D:8      | Reached skill level 1 in Invocations
  9524 | D:8      | Found a stormy altar of Qazlal.
  9530 | D:8      | Found a burning altar of Makhleb.
  9530 | D:8      | Found a bloodstained altar of Trog.
  9530 | D:8      | Found an iron altar of Okawaru.
  9531 | D:8      | Found an opulent altar of Gozag.
  9535 | D:8      | Found a radiant altar of Vehumet.
  9768 | D:9      | Reached skill level 5 in Invocations
  9867 | D:9      | Noticed Maggie
  9870 | D:9      | Killed Maggie
 10285 | D:9      | Found Hiem's Distillery.
 10290 | D:9      | Bought a potion of heal wounds for 75 gold pieces
 10321 | D:9      | Reached skill level 10 in Invocations
 10761 | D:9      | Found Lueng's Weapon Shoppe.
 10764 | D:9      | Noticed a two-headed ogre
 10768 | D:9      | Killed a two-headed ogre
 10939 | D:9      | Found Serenes's Antique Weapon Boutique.
 11338 | D:10     | Entered Level 10 of the Dungeon
 11698 | D:10     | Noticed a centaur warrior
 11699 | D:10     | Reached XP level 11. HP: 77/77 MP: 18/18
 11715 | D:10     | Killed a centaur warrior
 12292 | D:10     | Identified the +2 dagger of Defenestration {flame, +Blink
                  | rN+ rCorr Str+2}
 12476 | D:10     | Noticed Erica
 12484 | D:10     | Killed Erica
 12737 | D:11     | Found Omesto Megg's Antique Weapon Emporium.
 12808 | D:11     | Found Jusupp's Distillery.
 12822 | D:11     | Bought a potion of heal wounds for 65 gold pieces
 12938 | D:11     | Found a staircase to the Orcish Mines.
 13073 | D:11     | Noticed a two-headed ogre
 13077 | D:11     | Killed a two-headed ogre
 13441 | D:11     | Found Piojoa's Armour Shop.
 13449 | D:11     | Noticed a two-headed ogre
 13456 | D:11     | Killed a two-headed ogre
 13526 | D:11     | Found Goegoaq's Antique Armour Boutique.
 13588 | D:11     | Found a staircase to the Lair.
 13601 | D:11     | Gained mutation: Spells you cast may paralyse nearby
                  | enemies. [demonic ancestry]
 13601 | D:11     | Reached XP level 12. HP: 49/83 MP: 6/19
 13614 | D:11     | Reached ****** piety under Cheibriados
 13895 | D:11     | Found Kirph's Assorted Antiques.
 14480 | D:12     | Noticed a boulder beetle
 14490 | D:12     | Killed a boulder beetle
 14880 | D:12     | Noticed a boulder beetle
 14944 | D:12     | Killed a boulder beetle
 14945 | D:12     | Reached skill level 10 in Conjurations
 14998 | D:12     | Noticed a fire dragon
 15008 | D:12     | Killed a fire dragon
 15019 | D:12     | Identified the +6 dagger of Lust {antimagic, rN+}
 15251 | D:12     | Reached skill level 10 in Earth Magic
 15678 | D:12     | Found a runed translucent door.
 15681 | D:12     | Noticed Newt's ghost (journeyman DsGl)
 15681 | D:12     | Identified the +9 trident of Eresuetu {chaos, rN+ Dex+2}
 15996 | D:12     | Noticed Josephine
 16000 | D:12     | Killed Josephine
 16794 | D:12     | Learned a level 4 spell: Petrify
 16803 | D:12     | Noticed a catoblepas
 16822 | D:12     | Killed a catoblepas
 16954 | D:12     | Reached XP level 13. HP: 88/88 MP: 20/20
 17033 | D:12     | Slain by a spriggan rider

Illustrated notes

Levels and vault maps discovered:
D:1:      erik_arrival_orb_chamber, layout_basic, ebering_ecumenical_altar_rust,
          hex_large
D:2:      wander_river, layout_basic, uniq_natasha, uniq_jessica
D:3:      layout_loops_ring, slow_altar_2, mainiacjoe_overflow_surrounded_room
D:4:      layout_basic, serial_shops, nicolae_take_the_stairs
D:5:      layout_basic, guppyfry_early_orc_mine, uniq_crazy_yiuf_cottage
D:6:      layout_cave_pods, minmay_temple_entry_oklob, serial_glass,
          glass_columns_a, glass_columns_b, minmay_fractal_squares_5
D:7:      layout_basic, minivault_22, minmay_small_thing
D:8:      layout_cave_pools, minitemple, old_standard_altar
D:9:      layout_basic, serial_shops, nicolae_inconvenience_store,
          nicolae_shop_behind_doors, nicolae_shop_hallway_plus,
          kennysheep_generic_room_8, uniq_maggie
D:10:     layout_grid_maze, st_stairs_7, uniq_erica
D:11:     layout_cave_pods, erik_lair_orcish_takeover,
          minmay_orc_entry_temple_small, serial_shops, kennysheep_mini_moat,
          shop, nicolae_shop_hallway_plus, nicolae_shop_statue_plus,
          nicolae_square_shop
D:12:     kennysheep_windowed_halls, layout_loops_cross,
          ebering_ghost_funeral_grove, moated_statue, chequers_avenue,
          drop_trap, hangedman_cracks_in_the_wall, uniq_josephine

Skill      XL: |  1  2  3  4  5  6  7  8  9 10 11 12 |
---------------+-------------------------------------+-----
Stealth        | 1 2 |  2.0
Fighting       | 4 |  4.0
Conjurations   | 2 4 5 9 11 | 11.9
Earth Magic    | 2 5 8 11 | 11.1
Spellcasting   | 2 5 |  5.0
Summonings     | 5 |  5.0
Staves         | 1 6 |  6.0
Dodging        | 5 6 |  6.0
Invocations    | 10 | 10.0
Short Blades   | |  2.6
Throwing       | |  1.7

Action                   |  1- 3 |  4- 6 |  7- 9 | 10-12 | 13-15 || total
-------------------------+-------+-------+-------+-------+-------++-------
Melee: Rapier            |    99 |    42 |       |       |       ||   141
       Quarterstaff      |       |    40 |       |       |       ||    40
       Sling             |       |       |     2 |       |       ||     2
       Lajatang          |       |       |    41 |   374 |     1 ||   416
       Headbutt          |       |       |    10 |   108 |       ||   118
 Fire: Sling             |       |    52 |   205 |       |       ||   257
 Cast: Stone Arrow       |       |     2 |    23 |    49 |     1 ||    75
       Animate Armour    |       |       |     5 |    28 |     1 ||    34
       Petrify           |       |       |       |       |     1 ||     1
Invok: Temporal Distorti |       |       |       |       |     1 ||     1
Evoke: Wand              |       |       |     5 |       |       ||     5
  Use: Scroll            |     3 |     2 |    10 |     7 |     1 ||    23
       Potion            |       |     2 |     5 |       |     4 ||    11
 Stab: Sleeping          |     5 |     5 |       |     4 |       ||    14
       Paralysed         |       |       |     5 |    34 |       ||    39
       Distracted        |       |       |       |     4 |       ||     4
Armor: Leather armour    |    25 |    26 |       |       |       ||    51
       Robe              |       |    37 |   104 |    14 |       ||   155
       Troll leather arm |       |       |       |    97 |     1 ||    98
       Skin              |       |       |       |       |     2 ||     2
Dodge: Dodged            |    59 |    90 |   171 |   379 |     7 ||   706

Table legend: (Time is in decaauts)
 A = Elapsed time spent in this place.
 B = Non-inter-level travel time spent in this place.
 C = Inter-level travel time spent in this place.
 D = Time resting spent in this place.
 E = Time spent auto-exploring this place.
 F = Levels seen in this place.
 G = Mean time per level.
                   A        B        C        D        E       F      G
               +--------+--------+--------+--------+--------+-----+--------+
         Total |  23026 |  22454 |    572 |   4991 |  14864 |  12 | 1918.8 |
       Dungeon |  23026 |  22454 |    572 |   4991 |  14864 |  12 | 1918.8 |
               +--------+--------+--------+--------+--------+-----+--------+

Top non-repeatable levels by time:
    D:12: 3975 daAuts
     D:7: 2643 daAuts
     D:9: 2371 daAuts
    D:11: 2082 daAuts
     D:6: 2046 daAuts
    D:10: 2032 daAuts
     D:2: 1863 daAuts
     D:5: 1755 daAuts
     D:8: 1752 daAuts
     D:4: 1502 daAuts
     D:1: 895 daAuts
     D:3: 104 daAuts
